NCAA
TEXAS A&M AGGIES @ MICHIGAN STATE SPARTANS
05/10/2026
 
TOP OF THE 1ST
Texas A&M Aggies batting - Pitching for Michigan State Spartans : RHP Dan Clark
Pitching: RHP Dan Clark
Batting: RHB Irwin Robinson 0-0: Foul Ball, location: 2F
0-1: Foul Ball, location: 2F
0-2: Strikes out swinging
Batting: LHB Kevin Holley 0-0: Ball
1-0: Fly out, F7 (Flyball, 8LM)
Batting: LHB Dave Bryant 0-0: Fly out, F9 (Flyball, 9M)
Top of the 1st over - 0 run(s), 0 hit(s), 0 error(s), 0 left on base; Texas A&M 0 - Michigan State 0
BOTTOM OF THE 1ST
Michigan State Spartans batting - Pitching for Texas A&M Aggies : RHP Josh Ewing
Pitching: RHP Josh Ewing
Batting: RHB Jorge Carranza 0-0: Ground out 5-3 (Groundball, 5S)
Batting: LHB Cliff Mills 0-0: Ball
1-0: Foul Ball, location: 2F
1-1: Swinging Strike
1-2: Ball
2-2: Strikes out swinging
Batting: RHB Ryan Nelson 0-0: Ball
1-0: Foul Ball, location: 2F
1-1: Fly out, F9 (Flyball, 9M)
Bottom of the 1st over - 0 run(s), 0 hit(s), 0 error(s), 0 left on base; Texas A&M 0 - Michigan State 0
TOP OF THE 2ND
Texas A&M Aggies batting - Pitching for Michigan State Spartans : RHP Dan Clark
Batting: LHB Walt Brown 0-0: SOLO HOME RUN (Flyball, 9D), Distance : 351 ft
Batting: RHB Lawrence Davidson 0-0: Ball
1-0: Foul Ball, location: 2F
1-1: Swinging Strike
1-2: SINGLE (Groundball, 56)
Batting: RHB Kevin Wilson 0-0: Called Strike
0-1: Ball
1-1: Ball
2-1: Swinging Strike
2-2: Foul Ball, location: 2F
2-2: Ball
3-2: DOUBLE (Line Drive, 78M)
Lawrence Davidson to third
Batting: RHB Brandon Townsley 0-0: Foul Ball, location: 2F
0-1: Ball
1-1: Swinging Strike
1-2: Strikes out looking
Batting: RHB Paul Stewart 0-0: Fly out, F8 (Line Drive, 8LM)
Runner from 3rd tags up, SCORES, throw made
Batting: RHB César Cortéz 0-0: Ball
1-0: Called Strike
1-1: DOUBLE (Line Drive, 7LM)
Kevin Wilson scores
Batting: RHB Irwin Robinson 0-0: Ball
1-0: Ground out 1-3 (Groundball, 23)
Top of the 2nd over - 3 run(s), 4 hit(s), 0 error(s), 1 left on base; Texas A&M 3 - Michigan State 0
BOTTOM OF THE 2ND
Michigan State Spartans batting - Pitching for Texas A&M Aggies : RHP Josh Ewing
Batting: RHB Andrew Holmes 0-0: Fly out, F9 (Flyball, 89S)
Batting: RHB Arthur Hopkins 0-0: Fly out, F9 (Flyball, 9M)
Batting: RHB Ryan Miller 0-0: Ball
1-0: Ball
2-0: Fly out, F8 (Flyball, 8LM)
Bottom of the 2nd over - 0 run(s), 0 hit(s), 0 error(s), 0 left on base; Texas A&M 3 - Michigan State 0
TOP OF THE 3RD
Texas A&M Aggies batting - Pitching for Michigan State Spartans : RHP Dan Clark
Batting: LHB Kevin Holley 0-0: Called Strike
0-1: Foul Ball, location: 2F
0-2: Strikes out looking
Batting: LHB Dave Bryant 0-0: Ball
1-0: Called Strike
1-1: Ball
2-1: Swinging Strike
2-2: Foul Ball, location: 2F
2-2: Foul Ball, location: 2F
2-2: Ball
3-2: Ground out 4-3 (Groundball, 4M)
Batting: LHB Walt Brown 0-0: Called Strike
0-1: Called Strike
0-2: Ball
1-2: Strikes out swinging
Top of the 3rd over - 0 run(s), 0 hit(s), 0 error(s), 0 left on base; Texas A&M 3 - Michigan State 0
BOTTOM OF THE 3RD
Michigan State Spartans batting - Pitching for Texas A&M Aggies : RHP Josh Ewing
Batting: RHB Nick Whitehead 0-0: Called Strike
0-1: Ball
1-1: Ball
2-1: Fly out, F6 (Popup, 8LS)
Batting: RHB Scott Juárez 0-0: Ball
1-0: Ball
2-0: Foul Ball, location: 2F
2-1: Ball
3-1: Base on Balls
Batting: RHB Nelson Wright 0-0: 2-RUN HOME RUN (Flyball, 78XD), Distance : 386 ft
Batting: RHB Jorge Carranza 0-0: Foul Ball, location: 2F
0-1: Fly out, F2 (Popup, 2LF)
Batting: LHB Cliff Mills 0-0: Ball
1-0: Called Strike
1-1: Swinging Strike
1-2: Strikes out swinging
Bottom of the 3rd over - 2 run(s), 1 hit(s), 0 error(s), 0 left on base; Texas A&M 3 - Michigan State 2
TOP OF THE 4TH
Texas A&M Aggies batting - Pitching for Michigan State Spartans : RHP Dan Clark
Batting: RHB Lawrence Davidson 0-0: Swinging Strike
0-1: Ball
1-1: Foul Ball, location: 2F
1-2: Strikes out swinging
Batting: RHB Kevin Wilson 0-0: Ball
1-0: Ground out 4-3 (Groundball, 13)
Batting: RHB Brandon Townsley 0-0: Foul Ball, location: 2F
0-1: Called Strike
0-2: Ball
1-2: Foul Ball, location: 2F
1-2: Strikes out swinging
Top of the 4th over - 0 run(s), 0 hit(s), 0 error(s), 0 left on base; Texas A&M 3 - Michigan State 2
BOTTOM OF THE 4TH
Michigan State Spartans batting - Pitching for Texas A&M Aggies : RHP Josh Ewing
Batting: RHB Ryan Nelson 0-0: Ground out 5-3 (Groundball, 5)
Batting: RHB Andrew Holmes 0-0: Foul Ball, location: 2F
0-1: Swinging Strike
0-2: Strikes out swinging
Batting: RHB Arthur Hopkins 0-0: Called Strike
0-1: Ball
1-1: Swinging Strike
1-2: Strikes out swinging
Bottom of the 4th over - 0 run(s), 0 hit(s), 0 error(s), 0 left on base; Texas A&M 3 - Michigan State 2
TOP OF THE 5TH
Texas A&M Aggies batting - Pitching for Michigan State Spartans : RHP Dan Clark
Batting: RHB Paul Stewart 0-0: Swinging Strike
0-1: Foul Ball, location: 2F
0-2: Ball
1-2: Foul Ball, location: 2F
1-2: SINGLE (Groundball, 5D)
Batting: RHB César Cortéz 0-0: Called Strike
Paul Stewart steals 2nd base
0-1: Foul Ball, location: 2F
0-2: Strikes out swinging
Batting: RHB Irwin Robinson 0-0: Foul Ball, location: 2F
0-1: Reached on error, E4 (Groundball, 34)
Paul Stewart to third
Batting: LHB Kevin Holley 0-0: Ball
1-0: Ball
Wild Pitch!
Paul Stewart scores
Irwin Robinson to second
2-0: Foul Ball, location: 2F
2-1: Foul Ball, location: 2F
2-2: Strikes out looking
Batting: LHB Dave Bryant 0-0: Ball
Wild Pitch!
Irwin Robinson to third
1-0: Foul Ball, location: 2F
1-1: Ground out 6-3 (Groundball, 6M)
Top of the 5th over - 1 run(s), 1 hit(s), 1 error(s), 1 left on base; Texas A&M 4 - Michigan State 2
BOTTOM OF THE 5TH
Michigan State Spartans batting - Pitching for Texas A&M Aggies : RHP Josh Ewing
Batting: RHB Ryan Miller 0-0: Foul Ball, location: 2F
0-1: Foul Ball, location: 2F
0-2: Foul Ball, location: 2F
0-2: Ball
1-2: Foul Ball, location: 2F
1-2: Ball
2-2: Strikes out looking
Batting: RHB Nick Whitehead 0-0: DOUBLE (Line Drive, 34D)
Batting: RHB Scott Juárez 0-0: Ball
1-0: Called Strike
1-1: Ball
2-1: Fly out, F7 (Flyball, 7M)
Batting: RHB Nelson Wright 0-0: Ball
1-0: Called Strike
1-1: Foul Ball, location: 2F
1-2: Ground out 2-3 (Groundball, 2L)
Bottom of the 5th over - 0 run(s), 1 hit(s), 0 error(s), 1 left on base; Texas A&M 4 - Michigan State 2
TOP OF THE 6TH
Texas A&M Aggies batting - Pitching for Michigan State Spartans : RHP Dan Clark
Batting: LHB Walt Brown 0-0: Called Strike
0-1: Ball
1-1: Foul Ball, location: 2F
1-2: Ball
2-2: Ground out 6-3 (Groundball, 6)
Batting: RHB Lawrence Davidson 0-0: Ball
1-0: Foul Ball, location: 2F
1-1: Ball
2-1: Foul Ball, location: 2F
2-2: Ball
3-2: Base on Balls
Pitching: RHP Jesús Fabián
Batting: RHB Kevin Wilson 0-0: Foul Ball, location: 2F
0-1: Ball
1-1: Called Strike
1-2: Strikes out looking
Batting: RHB Brandon Townsley 0-0: Fielders Choice at 2nd, U6 (Groundball, 6M)
Top of the 6th over - 0 run(s), 0 hit(s), 0 error(s), 1 left on base; Texas A&M 4 - Michigan State 2
BOTTOM OF THE 6TH
Michigan State Spartans batting - Pitching for Texas A&M Aggies : RHP Josh Ewing
Batting: RHB Jorge Carranza 0-0: Ball
1-0: Foul Ball, location: 2F
1-1: Called Strike
1-2: Ball
2-2: Strikes out swinging
Batting: LHB Cliff Mills 0-0: Ball
1-0: Ball
2-0: Foul Ball, location: 2F
2-1: Ball
3-1: Foul Ball, location: 2F
3-2: Foul Ball, location: 2F
3-2: Strikes out swinging
Batting: RHB Ryan Nelson 0-0: Called Strike
0-1: Called Strike
0-2: Ground out U3 (Groundball, 3S)
Bottom of the 6th over - 0 run(s), 0 hit(s), 0 error(s), 0 left on base; Texas A&M 4 - Michigan State 2
TOP OF THE 7TH
Texas A&M Aggies batting - Pitching for Michigan State Spartans : RHP Jesús Fabián
Batting: RHB Paul Stewart 0-0: Ball
1-0: Ball
2-0: Swinging Strike
2-1: Foul Ball, location: 2F
2-2: Strikes out swinging
Batting: RHB César Cortéz 0-0: Ball
1-0: Ball
2-0: Ball
3-0: Base on Balls
Batting: RHB Irwin Robinson 0-0: Foul Ball, location: 2F
0-1: Called Strike
0-2: Ball
1-2: Ball
2-2: Strikes out swinging
Batting: LHB Kevin Holley 0-0: Ball
1-0: Ball
2-0: Swinging Strike
2-1: Ball
3-1: Base on Balls
César Cortéz to second
Batting: LHB Dave Bryant 0-0: Ball
1-0: 3-RUN HOME RUN (Line Drive, 9D), Distance : 360 ft
Pitching: RHP Cory Hopper
Batting: LHB Walt Brown 0-0: Foul Ball, location: 2F
0-1: Ball
1-1: Ball
2-1: SINGLE (Groundball, 34S) (infield hit)
Batting: RHB Lawrence Davidson 0-0: Called Strike
0-1: Foul Ball, location: 2F
0-2: Strikes out looking
Top of the 7th over - 3 run(s), 2 hit(s), 0 error(s), 1 left on base; Texas A&M 7 - Michigan State 2
BOTTOM OF THE 7TH
Michigan State Spartans batting - Pitching for Texas A&M Aggies : RHP Josh Ewing
Batting: RHB Andrew Holmes 0-0: Called Strike
0-1: Foul Ball, location: 2F
0-2: Ball
1-2: Strikes out swinging
Batting: RHB Arthur Hopkins 0-0: Ball
1-0: Ball
2-0: Called Strike
2-1: SINGLE (Groundball, 56D)
Batting: RHB Ryan Miller 0-0: Foul Ball, location: 2F
0-1: Swinging Strike
0-2: Fly out, F4 (Popup, 4MD)
Pitching: RHP Ed Fletcher
Batting: RHB Nick Whitehead 0-0: Ball
1-0: Ball
Arthur Hopkins steals 2nd base
2-0: SINGLE (Groundball, 56D)
Arthur Hopkins to third
Runner from 3rd tries for Home, SAFE, no throw or cutoff
Batting: RHB Scott Juárez 0-0: Ball
Nick Whitehead steals 2nd base
1-0: Foul Ball, location: 2F
1-1: Swinging Strike
1-2: Ball
2-2: Ball
3-2: Foul Ball, location: 2F
3-2: TRIPLE (Line Drive, 78M)
Nick Whitehead scores
Batting: RHB Nelson Wright 0-0: Called Strike
0-1: Ball
1-1: Ball
Wild Pitch!
Scott Juárez scores
2-1: Ball
3-1: Called Strike
3-2: Strikes out swinging
Bottom of the 7th over - 3 run(s), 3 hit(s), 0 error(s), 0 left on base; Texas A&M 7 - Michigan State 5
TOP OF THE 8TH
Texas A&M Aggies batting - Pitching for Michigan State Spartans : RHP Cory Hopper
Batting: RHB Kevin Wilson 0-0: Foul Ball, location: 2F
0-1: Ball
1-1: DOUBLE (Line Drive, 78M)
Batting: RHB Brandon Townsley 0-0: Intentional Walk
Batting: RHB Paul Stewart 0-0: Sac Bunt - play at first, batter OUT! 1-3
Kevin Wilson to third
Brandon Townsley to second
Pinch Hitting: RHB Júlio Hobbs 0-0: Intentional Walk
Batting: RHB Irwin Robinson 0-0: Fly out, F8 (Flyball, 8RM)
Batting: LHB Kevin Holley 0-0: Foul Ball, location: 2F
0-1: Ball
1-1: Ball
2-1: DOUBLE (Groundball, 3L)
Kevin Wilson scores
Brandon Townsley scores
Júlio Hobbs to third
Runner from 3rd tries for Home, SAFE, throw made home
Pitching: RHP Bill Weber
Batting: LHB Dave Bryant 0-0: Foul Ball, location: 2F
0-1: Fly out, F8 (Flyball, 8RS)
Top of the 8th over - 3 run(s), 2 hit(s), 0 error(s), 1 left on base; Texas A&M 10 - Michigan State 5
BOTTOM OF THE 8TH
Michigan State Spartans batting - Pitching for Texas A&M Aggies : RHP Ed Fletcher
Now in RF: Júlio Hobbs
Batting: RHB Jorge Carranza 0-0: Fly out, F8 (Flyball, 8LM)
Batting: LHB Cliff Mills 0-0: Ball
1-0: Called Strike
1-1: Swinging Strike
1-2: Foul Ball, location: 2F
1-2: Fly out, F7 (Flyball, 7M)
Batting: RHB Ryan Nelson 0-0: Called Strike
0-1: Ground out 4-3 (Groundball, 4M)
Bottom of the 8th over - 0 run(s), 0 hit(s), 0 error(s), 0 left on base; Texas A&M 10 - Michigan State 5
TOP OF THE 9TH
Texas A&M Aggies batting - Pitching for Michigan State Spartans : RHP Bill Weber
Batting: LHB Walt Brown 0-0: Ball
1-0: SOLO HOME RUN (Flyball, 9D), Distance : 345 ft
Batting: RHB Lawrence Davidson 0-0: Ground out 4-3 (Groundball, 4)
Batting: RHB Kevin Wilson 0-0: Called Strike
0-1: Fly out, F8 (Flyball, 8RM)
Batting: RHB Brandon Townsley 0-0: Called Strike
0-1: Ball
1-1: Ball
2-1: Called Strike
2-2: Ball
3-2: Fly out, F8 (Flyball, 8LXD)
Top of the 9th over - 1 run(s), 1 hit(s), 0 error(s), 0 left on base; Texas A&M 11 - Michigan State 5
BOTTOM OF THE 9TH
Michigan State Spartans batting - Pitching for Texas A&M Aggies : RHP Ed Fletcher
Now at C: James Richardson
Batting: RHB Andrew Holmes 0-0: Called Strike
0-1: Foul Ball, location: 2F
0-2: Ball
1-2: Ball
2-2: Strikes out swinging
Batting: RHB Arthur Hopkins 0-0: Ball
1-0: Ball
2-0: Ball
3-0: Called Strike
3-1: Called Strike
3-2: Foul Ball, location: 2F
3-2: Strikes out swinging
Batting: RHB Ryan Miller 0-0: Ball
1-0: SINGLE (Groundball, 5D)
Batting: RHB Nick Whitehead 0-0: Called Strike
0-1: Called Strike
0-2: Foul Ball, location: 2F
0-2: Strikes out swinging
Bottom of the 9th over - 0 run(s), 1 hit(s), 0 error(s), 1 left on base; Texas A&M 11 - Michigan State 5
Monday, December 5th, 2016 - OOTP Baseball 17.12 Build 75